 Dungeon Crawl Stone Soup version 0.31-a0-703-gcfe89afef6 (webtiles) character file.

Game seed: 13418023376751663234

1628 Ofeo the Fighter (level 8, -3/69 HPs)
             Began as a Demonspawn Wanderer on Sept 9, 2023.
             Killed from afar by a steam dragon (18 damage)
             ... with a ball of steam
             ... on level 6 of the Dungeon.
             The game lasted 00:05:49 (6922 turns).

Ofeo the Fighter (Demonspawn Wanderer)              Turns: 6922, Time: 00:05:50

Health: -3/69      AC: 14    Str: 10    XL:     8   Next: 65%
Magic:  18/18      EV: 17    Int: 15    God:
Gold:   197        SH:  0    Dex: 16    Spells: 5/9 levels left

rFire   . . .        w - +2 short sword (speed)
rCold   . . .        (no shield)
rNeg    . . .        d - +0 robe
rPois   .            (no helmet)
rElec   .            (no cloak)
rCorr   .            b - +1 pair of gloves
SInv    .            c - +2 pair of boots {Stlth+}
Will    +....        (no amulet)
Stlth   +++          f - ring of magical power
HPRegen 0.31/turn    t - +4 ring of protection
MPRegen 0.16/turn

%: no passive effects
@: agile
A: thin metallic scales 2, powered by pain 1, condensation shield, demonic touch
1, strong-willed 1
a: no special abilities


You were on level 6 of the Dungeon.
You visited 1 branch of the dungeon, and saw 6 of its levels.

You collected 197 gold pieces.

Inventory:

Hand Weapons
 h - a +0 quarterstaff of venom
 w - a +2 short sword of speed (weapon)
Armour
 b - a +1 pair of gloves (worn)
 c - a +2 pair of boots of stealth (worn)
 d - a +0 robe (worn)
Jewellery
 f - a ring of magical power (left hand)
 k - a ring of willpower
 r - a ring of ice
 t - a +4 ring of protection (right hand)
Scrolls
 i - a scroll of blinking {unknown}
 j - 2 scrolls of teleportation {@r3}
 m - a scroll of vulnerability
 p - a scroll of enchant armour
 x - a scroll of poison
Potions
 a - a potion of ambrosia
 e - 4 potions of mutation
 g - a potion of degeneration {unknown}
 l - a potion of enlightenment {unknown}
 n - a potion of attraction
 o - 2 potions of invisibility {unknown}
 q - a potion of curing {@q1}
 s - 2 potions of haste {@q3}
 u - a potion of brilliance {unknown}
 v - 2 potions of lignification {unknown}


   Skills:
 + Level 8.4 Fighting
 - Level 1.7 Staves
 - Level 1.0 Armour
 - Level 1.0 Dodging
 - Level 1.0 Stealth
 + Level 6.4 Unarmed Combat
 - Level 1.0 Spellcasting
 - Level 2.6 Air Magic


You had 5 spell levels left.
You knew the following spells:

 Your Spells              Type           Power      Damage    Failure   Level
a - Shock                 Conj/Air       16%        1d4       14%         1
b - Call Canine Familiar  Summ           0%         N/A       58%         3

Your spell library contained the following spells:

 Spells                   Type           Power      Damage    Failure   Level
 Cigotuvi's Dreadful Rot  Necr/Pois/Air  6%         N/A       26%         2
 Blink                    Tloc           0%         N/A       36%         2
 Mephitic Cloud           Conj/Pois/Air  3%         N/A       45%         3
 Sigil of Binding         Hex            0%         N/A       58%         3
 Dimensional Bullseye     Hex/Tloc       0%         N/A       94%         4
 Dispel Undead            Necr           0%         3d6       94%         4
 Leda's Liquefaction      Hex/Erth       0%         N/A       94%         4
 Manifold Assault         Tloc           0%         N/A       94%         4
 Summon Forest            Summ/Tloc      0%         N/A       100%        5
 Summon Mana Viper        Hex/Summ       0%         N/A       100%        5
 Death Channel            Necr           0%         N/A       100%        6
 Summon Cactus Giant      Summ           0%         N/A       100%        6


Dungeon Overview and Level Annotations

Branches:
Dungeon (6/15)             Temple (0/1) D:5

Altars:
Nemelex Xobeh
Trog

Shops:
D:5 ?

Annotations:
D:2 1 runed translucent door, Crazy Yiuf


Innate Abilities, Weirdness & Mutations

You are mostly covered in thin metallic scales. (AC +3)
You sometimes gain a little power by taking damage.
A meltable shield of frost defends you. (SH +0)
Your touch may inflict minor irresistible damage on your foes.
You are strong-willed. (Will+)


Message History

You take 1 damage, and have 50/69 hp.
You closely miss the steam dragon.
You touch the steam dragon.
The steam dragon is heavily wounded.
The steam dragon bites you.
The steam dragon claws you but does no damage.
You take 1 damage, and have 49/69 hp.
You closely miss the steam dragon. Your touch misses the steam dragon.
The steam dragon is heavily wounded.
You are engulfed in a cloud of scalding steam.
The steam dragon closely misses you.
The steam dragon claws you but does no damage.
You take 3 damage, and have 46/69 hp.
You closely miss the steam dragon.
The steam dragon is heavily wounded.
You closely miss the steam dragon. Your touch misses the steam dragon.
The steam dragon is heavily wounded.
The steam dragon closely misses you.
The steam dragon claws you but does no damage.
You hit the steam dragon.
The steam dragon is heavily wounded.
You hit the steam dragon but do no damage.
You touch the steam dragon!
The steam dragon is almost dead.
The steam dragon breathes steam at you. The ball of steam hits you!
You take 12 damage, and have 35/69 hp.
You hit the steam dragon but do no damage.
The steam dragon is almost dead.
You are engulfed in a cloud of scalding steam.
The steam dragon bites you!
You focus on the pain.
You feel agile all of a sudden. The steam dragon claws you.
You take 12 damage, and have 23/69 hp.
You hit the steam dragon.
The steam dragon is almost dead.
You are engulfed in a cloud of scalding steam.
* * * LOW HITPOINT WARNING * * *
The steam dragon breathes steam at you. The ball of steam hits you!!
You die...

......#.# #..........#.....
......#.##........##.....##
...#.....#........###...###
.. ##......#......#......#.
# .##......##.####...#.....
........######........#..
#........§### ###..###..##
#........§..## #### #.###
#.....#..@...# ###
#...####.D>..# ### ##....#
######


You could see a steam dragon (catching breath).

Vanquished Creatures
  Grinder (D:5)
  Edmund (D:5)
  Menkaure (D:5)
  2 ice beasts (D:5)
  A black bear (D:4)
  3 ogres
  3 bullfrogs
  3 scorpions
  2 hounds (D:5)
  A sleepcap (D:5)
  An orc priest (D:6)
  3 gnolls (D:3)
  6 adders
  2 shadow imps
  An ufetubus (D:6)
  2 worms
  A dart slug (D:4)
  12 orcs
  6 bats
  4 endoplasms
  3 giant cockroaches (D:4)
  11 hobgoblins
  A quokka (D:4)
  2 ball pythons
  2 frilled lizards (D:1)
  6 kobolds
  4 rats
85 creatures vanquished.

Notes
Turn   | Place    | Note
-------+----------+-------------------------------------------
     0 | D:1      | Ofeo the Demonspawn Wanderer began the quest for the Orb.
     0 | D:1      | Ofeo set off with the following items: a +0 quarterstaff, a
                  | +0 pair of gloves, a +0 robe, a potion of haste {@q3}; and
                  | the following spell memorised: Shock; and the following
                  | spells available to memorise: Cigotuvi's Dreadful Rot,
                  | Mephitic Cloud.
     0 | D:1      | Reached XP level 1. HP: 15/15 MP: 2/2
   459 | D:1      | Reached skill level 2 in Fighting
   539 | D:1      | Gained mutation: Your touch may inflict minor irresistible
                  | damage on your foes. [demonic ancestry]
   539 | D:1      | Reached XP level 2. HP: 22/22 MP: 3/3
  1688 | D:2      | Reached skill level 3 in Fighting
  1688 | D:2      | Gained mutation: You sometimes gain a little power by
                  | taking damage. [demonic ancestry]
  1688 | D:2      | Reached XP level 3. HP: 28/29 MP: 4/4
  2455 | D:2      | Found a runed translucent door.
  2456 | D:2      | Noticed Crazy Yiuf
  2461 | D:2      | Identified a scroll of acquirement
  2463 | D:2      | Acquired a +2 pair of boots of stealth
  2725 | D:3      | Reached skill level 4 in Fighting
  2725 | D:3      | Gained mutation: A meltable shield of frost defends you.
                  | (SH +0) [demonic ancestry]
  2725 | D:3      | Reached XP level 4. HP: 37/37 MP: 3/5
  3458 | D:4      | Learned a level 3 spell: Call Canine Familiar
  3812 | D:4      | Noticed a black bear
  3821 | D:4      | Gained mutation: You are strong-willed. (Will+) [potion of
                  | mutation]
  3832 | D:4      | Killed a black bear
  3833 | D:4      | Reached skill level 5 in Fighting
  3833 | D:4      | Reached skill level 1 in Unarmed Combat
  3833 | D:4      | Gained mutation: You are partially covered in thin metallic
                  | scales. (AC +2) [demonic ancestry]
  3833 | D:4      | Reached XP level 5. HP: 29/44 MP: 6/6
  4006 | D:4      | Reached XP level 6. HP: 47/51 MP: 7/7
  5032 | D:5      | Entered Level 5 of the Dungeon
  5149 | D:5      | Reached skill level 6 in Fighting
  5149 | D:5      | Reached XP level 7. HP: 46/58 MP: 8/8
  5211 | D:5      | Noticed Grinder
  5220 | D:5      | Paralysed by Grinder for 3 turns
  5228 | D:5      | Killed Grinder
  5295 | D:5      | Noticed Edmund
  5311 | D:5      | Killed Edmund
  5374 | D:5      | Found a staircase to the Ecumenical Temple.
  5462 | D:5      | Found a sparkling altar of Nemelex Xobeh.
  5497 | D:5      | Found Muowalar's Magic Scroll Emporium.
  5618 | D:5      | Reached skill level 7 in Fighting
  5791 | D:5      | Reached skill level 5 in Unarmed Combat
  5791 | D:5      | Gained mutation: You are mostly covered in thin metallic
                  | scales. (AC +3) [demonic ancestry]
  5791 | D:5      | Reached XP level 8. HP: 52/67 MP: 9/9
  6052 | D:5      | Noticed Menkaure
  6077 | D:5      | Killed Menkaure
  6620 | D:5      | Reached skill level 8 in Fighting
  6865 | D:6      | Found a bloodstained altar of Trog.
  6922 | D:6      | Killed from afar by a steam dragon

Illustrated notes

Levels and vault maps discovered:
D:1:      lightli_iron_boxes, layout_loops_corners, chequers_jeans
D:2:      layout_loops_corners, chequers_decorated_corner,
          uniq_crazy_yiuf_cottage
D:3:      layout_basic, minmay_misc_feat_doors
D:4:      layout_loops_corners, serial_glass, glass_columns_c, glass_columns_c,
          glass_columns_c, glass_columns_b, glass_columns_a, glass_columns_b,
          glass_columns_a, glass_columns_a, glass_columns_b, glass_columns_a
D:5:      layout_loops_ring, nemelex_xobeh_ov_fountains_minmay,
          minmay_temple_entry_waves, serial_shops, nicolae_shop_hallway_stairs,
          serial_rivers, chequers_serial_rivers_small_b,
          chequers_serial_rivers_large_a, chequers_serial_rivers_micro_c,
          chequers_serial_rivers_marsh, chequers_serial_rivers_micro_e,
          uniq_edmund, uniq_menkaure, uniq_grinder
D:6:      layout_cave_pools, kennysheep_mini_moat, serial_shops,
          nicolae_shop_rolling_square

Skill      XL: |  1  2  3  4  5  6  7  8 |
---------------+-------------------------+-----
Fighting       | 2 3 4 5 6 7 8 |  8.4
Unarmed Combat | 1 2 3 5 6 |  6.4
Staves         | |  1.7
Armour         | |  1.0
Dodging        | |  1.0
Stealth        | |  1.0
Spellcasting   | |  1.0
Air Magic      | |  2.6

Action                     |  1- 3 |  4- 6 |  7- 9 || total
---------------------------+-------+-------+-------++-------
  Melee: Quarterstaff      |    18 |    53 |    59 ||   130
         Short sword       |       |       |    60 ||    60
         Touch             |       |       |    11 ||    11
         Punch             |       |       |     1 ||     1
   Cast: Shock             |    87 |   107 |    37 ||   231
    Use: Scroll            |     5 |     6 |     2 ||    13
         Potion            |       |     1 |     3 ||     4
   Stab: Sleeping          |       |       |     1 ||     1
 Armour: Robe              |    26 |    53 |    76 ||   155
  Dodge: Dodged            |    26 |    51 |    51 ||   128
  Block: Other             |       |    13 |    11 ||    24

Table legend: (Time is in decaauts)
 A = Elapsed time spent in this place.
 B = Non-inter-level travel time spent in this place.
 C = Inter-level travel time spent in this place.
 D = Time resting spent in this place.
 E = Time spent auto-exploring this place.
 F = Levels seen in this place.
 G = Mean time per level.
                   A        B        C        D        E       F      G
               +--------+--------+--------+--------+--------+-----+--------+
         Total |   6944 |   6674 |    270 |    219 |   5731 |   6 | 1157.3 |
       Dungeon |   6944 |   6674 |    270 |    219 |   5731 |   6 | 1157.3 |
               +--------+--------+--------+--------+--------+-----+--------+

Top non-repeatable levels by time:
     D:4: 1731 daAuts
     D:5: 1503 daAuts
     D:1: 1314 daAuts
     D:2: 1223 daAuts
     D:3: 878 daAuts
     D:6: 292 daAuts
